 Dungeon Crawl Stone Soup version 0.17.1-3-g152610e (webtiles) character file.

3390 NTAmi the Thaumaturge (level 9, -4/43 HPs)
             Began as a Spriggan Arcane Marksman on Apr 12, 2016.
             Was an Initiate of Nemelex Xobeh.
             Killed by the air
             ... invoked by Gastronok
              (38 damage)
             ... on level 8 of the Dungeon on Apr 13, 2016.
             The game lasted 02:23:39 (10916 turns).

NTAmi the Thaumaturge (Spriggan Arcane Marksman)   Turns: 10916, Time: 02:23:39

Health: -4/43      AC:  7    Str:  7    XL:     9   Next: 74%
Magic:  11/13      EV: 23    Int: 17    God:    Nemelex Xobeh [......]
Gold:   403        SH:  0    Dex: 22    Spells: 7 memorised, 1 level left

rFire  . . .     SeeInvis +     a - +0 hunting sling
rCold  . . .     Clarity  .     b - +1 robe
rNeg   . . .     SustAt   .     (shield restricted)
rPois  .         Gourm    .     (helmet restricted)
rElec  .         Spirit   .     x - +3 cloak "Isue" {+Inv rCorr MP-9 Dex+6}
rCorr  +         Warding  .     (gloves unavailable)
rMut   .         Stasis   .     (boots unavailable)
MR     +....                    (no amulet)
Stlth  +++.......               (no ring)
                                (no ring)

@: slowed, quick, somewhat resistant to hostile enchantments, fairly stealthy
A: unfitting armour, see invisible, herbivore 3, speed 3, slow metabolism 2
a: Renounce Religion, Evoke Invisibility


You were on level 8 of the Dungeon.
You worshipped Nemelex Xobeh.
Nemelex Xobeh was noncommittal.
You were not hungry.

You visited 2 branches of the dungeon, and saw 9 of its levels.
You also visited: Ossuary.

You collected 403 gold pieces.

Inventory:

Hand Weapons
 a - a +0 hunting sling (weapon)
 o - a +0 rapier
 p - a +0 shortbow
 s - a +1 whip of venom
 G - a +0 vampiric short sword
 S - a +1 hand axe of flaming
 U - a +0 dagger
Missiles
 d - 68 sling bullets (quivered)
 f - 259 stones
 g - 18 arrows
 k - 13 arrows of frost
 q - 4 tomahawks
 O - 4 needles of confusion
 Q - 22 bolts
Armour
 b - a +1 robe (worn)
 u - a +0 robe of fire resistance
 x - the +3 cloak "Isue" (worn) {+Inv rCorr MP-9 Dex+6}
   (You found it on level 4 of the Dungeon)

   It affects your dexterity (+6).
   It affects your magic capacity (-9).
   It lets you turn invisible.
   It protects you from acid and corrosion.
 V - a +0 robe
Wands
 j - a wand of slowing (28)
 F - a wand of magic darts (25)
 X - a wand of polymorph (13)
Scrolls
 r - 3 scrolls of teleportation
 v - 4 scrolls of immolation
 y - a scroll of enchant armour
 D - 2 scrolls of amnesia
 H - a scroll of noise
 I - 7 scrolls of random uselessness
 K - 3 scrolls of remove curse
 N - 3 scrolls of identify
 P - a scroll of fear {unknown}
 W - a scroll of blinking {unknown}
Potions
 h - 3 potions of heal wounds
 i - a potion of lignification
 l - 3 potions of might
 m - a potion of beneficial mutation
 n - 2 potions of magic
 t - 5 potions of curing
 w - a potion of resistance {unknown}
 A - a potion of brilliance {unknown}
 B - 5 potions of flight
 C - 3 potions of cancellation
 M - a potion of poison {unknown}
Books
 c - a book of Debilitation

   Spells                             Type                      Level
   a - Corona                         Hexes                        1
   b - Slow                           Hexes                        2
   c - Gell's Gravitas                Hexes/Translocation          3
   d - Inner Flame                    Hexes/Fire                   3
   e - Cause Fear                     Hexes                        4
   f - Leda's Liquefaction            Hexes/Earth                  4
 E - a book of Enchantments

   Spells                             Type                      Level
   a - Cause Fear                     Hexes                        4
   b - Silence                        Hexes/Air                    5
   c - Deflect Missiles               Charms/Air                   6
   d - Haste                          Charms                       6
   e - Discord                        Hexes                        8
Miscellaneous
 R - a plain deck of escape {drawn: 2}
Comestibles
 e - 6 bread rations
 z - a royal jelly
 J - 3 fruits
 L - 2 slices of pizza
 T - 2 beef jerkies


   Skills:
 * Level 2.7 Fighting
 + Level 2.1 Short Blades
 + Level 5.7 Slings
 + Level 6.9 Bows
 * Level 1.5 Armour
 + Level 6.0 Dodging
 + Level 4.1 Stealth
 + Level 8.1 Spellcasting
 + Level 6.6 Hexes
 + Level 2.3 Charms
 + Level 2.2 Translocations
 * Level 2.8 Fire Magic
 * Level 1.0 Earth Magic
 + Level 2.5 Evocations


You had one spell level left.
You knew the following spells:

 Your Spells              Type           Power        Failure   Level  Hunger
a - Corona                Hex            ####...      1%          1    None
b - Slow                  Hex            ####....     1%          2    None
c - Inner Flame           Hex/Fire       ###.....     6%          3    #......
d - Cause Fear            Hex            ####......   10%         4    ###....
e - Gell's Gravitas       Hex/Tloc       ###.......   8%          3    #......
f - Haste                 Chrm           ##......     100%        6    ######.
g - Leda's Liquefaction   Hex/Erth       ###.......   24%         4    ###....


Dungeon Overview and Level Annotations

Branches:
Dungeon (8/15)             Temple (1/1) D:5
   Lair: D:8-11

Altars:
Ashenzari
Cheibriados
Dithmenos
Elyvilon
Fedhas
Gozag
Makhleb
Nemelex Xobeh
Okawaru
Qazlal
Ru
Sif Muna
Trog
Vehumet
Xom
Yredelemnul
Zin
The Shining One

Shops:
D:7 *

Annotations:
D:8 Gastronok, Grum


Innate Abilities, Weirdness & Mutations

You are tiny and cannot use many weapons and most armour.
You have supernaturally acute eyesight.
You are a herbivore.
You cover ground extremely quickly.
You need consume almost no food.


Message History

Aim: Gastronok, wearing a hat (chance to defeat MR: 13%)
Okay, then.
Casting: Corona
Confirm with . or Enter, or press ? or * to list all spells.
Aiming: Slow
Press: ? - help, Shift-Dir - straight line, f - Gastronok
Aim: Gastronok, wearing a hat (chance to defeat MR: 19%) Gastronok resists with almost no effort.
Gastronok looks at you and mumbles some strange words.
You feel yourself slow down.
Firing (i - inventory. (,) - cycle):
d - 69 sling bullets (quivered)
Press: ? - help, Shift-Dir - straight line, f/p - Gastronok
Aim: Gastronok, wearing a hat You shoot a sling bullet.
The sling bullet hits Gastronok!
Gastronok is lightly wounded.
Gastronok waves his eye-stalks in wide circles.
The air twists around and strikes you!
Ouch! That really hurt!
You die...
Your body disappears without a glow.

# ################
..†............############
.###.########...@......w..#
.# #.....####.#.#.###.###.#
.###.###........#.# #.# #.#
.....# ######.###.# #.# #.#
# .#.### #.....#
#.###.####### .#.# #######
#.##......†.. .#.#
#.##..####### .#.# #.##..#
# .#.# #.##..#######


You could see Gastronok.

Vanquished Creatures
  Prince Ribbit (D:6)
  A spriggan (D:7)
  Menkaure (D:6)
  A wolf (D:8)
  A sky beast (D:5)
  An orc warrior (D:4)
  Duvessa (D:6)
  2 ice beasts
  A black bear (D:8)
  5 ogres
  A necrophage (D:8)
  A centaur (D:5)
  3 giant frogs
  Dowan (D:6)
  2 centaur zombies
  A jelly (D:7)
  2 crimson imps (D:5)
  A giant frog zombie (D:5)
  3 hounds (D:6)
  An iguana (D:4)
  3 orc priests (D:6)
  A giant frog skeleton (D:8)
  9 orc wizards
  10 worker ants
  A big kobold zombie (Ossuary)
  2 hound skeletons
  3 mummies (Ossuary)
  10 adders
  11 gnolls
  3 shadow imps
  An adder skeleton (D:6)
  5 worms
  33 orcs
  6 bats
  12 giant cockroaches
  15 goblins
  6 hobgoblins
  6 jackals
  6 quokkas
  4 giant geckos
  2 giant gecko zombies
  2 giant newts (D:2)
  2 goblin zombies (Ossuary)
  3 hobgoblin zombies (Ossuary)
  A jackal skeleton (D:4)
  8 kobolds
  A kobold zombie (Ossuary)
  2 quokka zombies (D:8)
  16 rats
  2 plants (D:7)
217 creatures vanquished.

Notes
Turn   | Place    | Note
--------------------------------------------------------------
     0 | D:1      | NTAmi the Spriggan Arcane Marksman began the quest for the Orb.
     0 | D:1      | Reached XP level 1. HP: 9/9 MP: 3/3
   429 | D:1      | Reached XP level 2. HP: 14/14 MP: 1/5
   449 | D:1      | Reached skill level 1 in Stealth
  1101 | D:2      | Learned a level 2 spell: Slow
  1160 | D:2      | Reached skill level 1 in Fighting
  1200 | D:2      | Reached XP level 3. HP: 18/18 MP: 3/7
  1380 | D:1      | Learned a level 3 spell: Inner Flame
  1775 | D:2      | Reached XP level 4. HP: 19/22 MP: 0/9
  2367 | D:2      | Noticed a moth of wrath
  2369 | D:2      | Found a bloodstained altar of Trog.
  2639 | D:2      | Reached XP level 5. HP: 25/25 MP: 6/11
  2666 | D:2      | Reached skill level 1 in Short Blades
  2741 | D:2      | Reached skill level 4 in Slings
  2800 | D:3      | Found a stormy altar of Qazlal.
  2845 | D:3      | Found a sacrificial altar of Ru.
  3558 | D:3      | Found a burning altar of Makhleb.
  3559 | D:3      | Found a glowing silver altar of Zin.
  3559 | D:3      | Noticed an angel
  3560 | D:3      | Noticed a cacodemon
  3674 | D:4      | Noticed an ogre
  3685 | D:4      | Killed an ogre
  3685 | D:4      | Reached XP level 6. HP: 30/30 MP: 7/12
  3967 | D:4      | Found a snail-covered altar of Cheibriados.
  4042 | D:4      | Noticed an ogre
  4058 | D:4      | Killed an ogre
  4058 | D:4      | Reached skill level 5 in Slings
  4058 | D:4      | Reached skill level 1 in Bows
  4215 | D:4      | Noticed an orc warrior
  4221 | D:4      | Reached XP level 7. HP: 29/35 MP: 12/14
  4448 | D:4      | Reached skill level 1 in Fire Magic
  4462 | D:4      | Found a shattered altar of Ashenzari.
  4799 | D:4      | Reached skill level 1 in Evocations
  4830 | D:4      | Killed an orc warrior
  4933 | D:3      | Reached skill level 5 in Hexes
  5124 | D:4      | Got a scorched cloak
  5150 | D:4      | Identified the +3 cloak "Isue" {+Inv rCorr MP-9 Dex+6} (You found it on level 4 of the Dungeon)
  5274 | D:4      | Learned a level 4 spell: Cause Fear
  5278 | D:4      | Learned a level 3 spell: Gell's Gravitas
  5313 | D:4      | Found an iron altar of Okawaru.
  5378 | D:5      | Entered Level 5 of the Dungeon
  5488 | D:5      | Found a staircase to the Ecumenical Temple.
  5499 | D:5      | Reached skill level 5 in Spellcasting
  5779 | Temple   | Entered the Ecumenical Temple
  6064 | D:5      | Reached XP level 8. HP: 39/39 MP: 3/17
  6276 | D:5      | Reached skill level 6 in Spellcasting
  6610 | D:5      | Reached skill level 1 in Translocations
  6744 | D:5      | Learned a level 6 spell: Haste
  7088 | D:6      | Reached skill level 1 in Charms
  7354 | D:6      | Noticed Menkaure
  7372 | D:6      | Killed Menkaure
  7372 | D:6      | Reached skill level 5 in Bows
  7533 | D:6      | Reached skill level 5 in Dodging
  7533 | D:6      | Reached skill level 7 in Spellcasting
  7876 | D:6      | Noticed Prince Ribbit
  8081 | D:6      | Killed Prince Ribbit
  8081 | D:6      | Reached XP level 9. HP: 34/42 MP: 7/21
  8210 | D:6      | Noticed Duvessa
  8211 | D:6      | Noticed Dowan
  8212 | D:6      | Killed Duvessa
  8233 | D:6      | Killed Dowan
  8604 | D:7      | Found a sand-covered staircase.
  8608 | Ossuary  | Entered an ossuary
  8614 | Ossuary  | Learned a level 4 spell: Leda's Liquefaction
  9660 | D:7      | Found an opulent altar of Gozag.
  9811 | D:7      | Found Efairr's Assorted Antiques.
  9968 | D:7      | Found a sparkling altar of Nemelex Xobeh.
  9976 | D:7      | Became a worshipper of Nemelex Xobeh the Trickster
 10051 | D:7      | Received a gift from Nemelex Xobeh
 10074 | D:7      | Reached skill level 1 in Armour
 10074 | D:7      | Reached skill level 8 in Spellcasting
 10716 | D:8      | Noticed Gastronok
 10738 | D:8      | Noticed Grum
 10798 | D:8      | Reached skill level 1 in Earth Magic
 10916 | D:8      | Killed from afar by Gastronok

Action                   |  1- 3 |  4- 6 |  7- 9 || total
-------------------------+-------+-------+-------++-------
Melee: Hand axe          |       |       |    56 ||    56
 Fire: Hunting sling     |   130 |   261 |   313 ||   704
       Shortbow          |       |       |   367 ||   367
 Cast: Corona            |    37 |    44 |   127 ||   208
       Slow              |    10 |    15 |    58 ||    83
       Inner Flame       |       |     6 |     8 ||    14
       Leda's Liquefacti |       |       |     1 ||     1
Evoke: Wand              |       |       |     3 ||     3
       Deck              |       |       |     2 ||     2
  Use: Scroll            |     3 |     2 |    13 ||    18
       Potion            |     2 |       |     3 ||     5
  Eat: Fruit             |       |     2 |     2 ||     4
       Bread ration      |       |       |     1 ||     1
